 Dungeon Crawl Stone Soup version 0.28.0-49-g6dfe1f597d (webtiles) character file.

Game seed: 2439472557706975458

47546 pkoi the Destroyer (level 13, -5/102 HPs)
             Began as a Demigod Conjurer on May 20, 2022.
             Killed by divine providence
             ... invoked by a meliai
              (14 damage)
             ... on level 11 of the Dungeon.
             The game lasted 00:40:30 (30410 turns).

pkoi the Destroyer (Demigod Conjurer)              Turns: 30410, Time: 00:40:31

Health: -5/102     AC:  7    Str:  5    XL:     13   Next: 72%
Magic:  9/37       EV: 14    Int: 36    God:
Gold:   697        SH:  0    Dex: 12    Spells: 1/26 levels left

rFire   . . .      SeeInvis +   K - +3 falchion of Evolution {vorpal, Will++ Str-3}
rCold   + + +      Faith    .   (no shield)
rNeg    . . .      Spirit   .   O - +4 skin of Zhor {*Englaciate rC+++ SInv}
rPois   +          Reflect  .   u - +2 hat
rElec   .          Harm     .   I - +1 cloak
rCorr   .          Rampage  .   x - +2 pair of gloves
Will    +++..                   b - +0 pair of boots
Stlth   ++........              P - amulet of magic regeneration
HPRegen 0.27/turn               C - ring of poison resistance
MPRegen 0.65/turn               q - ring of magical power

@: corroded
A: high MP 1, forlorn, divine attributes
a: no special abilities


You were on level 11 of the Dungeon.
You visited 2 branches of the dungeon, and saw 17 of its levels.

You collected 1100 gold pieces.
You spent 403 gold pieces at shops.

Inventory:

Hand Weapons
 A - a +4 quarterstaff
 K - the +3 falchion of Evolution (weapon) {vorpal, Will++ Str-3}
   (You bought it in a shop on level 9 of the Dungeon)

   It inflicts extra damage upon your enemies.
   Str:       It affects your strength (-3).
   Will:      It greatly increases your willpower.
Missiles
 j - 3 curare-tipped darts
 y - 46 poisoned darts
Armour
 b - a +0 pair of boots (worn)
 l - a +2 ring mail of poison resistance
 p - a +1 robe of cold resistance
 u - a +2 hat (worn)
 x - a +2 pair of gloves (worn)
 I - a +1 cloak (worn)
 J - +0 acid dragon scales
 O - the +4 skin of Zhor (worn) {*Englaciate rC+++ SInv}
   (You found it on level 7 of the Dungeon)

   It radiates cold, occasionally slowing all nearby creatures who are not
   resistant to cold.
   rC:        It renders you almost immune to cold.
   SInv:      It lets you see invisible.
Jewellery
 o - a ring of wizardry
 q - a ring of magical power (right hand)
 w - a ring of fire
 z - an amulet of reflection
 C - a ring of poison resistance (left hand)
 P - an amulet of magic regeneration (around neck)
Wands
 d - a wand of polymorph (15)
 i - a wand of iceblast (22)
 s - a wand of acid (26)
 F - a wand of flame (12)
 L - a wand of paralysis (3)
 M - a wand of mindburst (8)
Scrolls
 a - 2 scrolls of amnesia
 k - 2 scrolls of fog
 m - 4 scrolls of blinking
 D - 6 scrolls of teleportation
 E - 5 scrolls of enchant armour
 G - a scroll of magic mapping
 H - 2 scrolls of identify
 N - a scroll of silence
 Q - a scroll of brand weapon
Potions
 c - a potion of berserk rage
 e - 3 potions of heal wounds
 f - a potion of ambrosia
 g - 2 potions of haste
 h - 3 potions of flight
 n - a potion of cancellation
 r - 2 potions of brilliance
 t - a potion of mutation {unknown}
 v - 7 potions of might
 B - 6 potions of curing


   Skills:
 - Level 6.0 Fighting
 - Level 8.0 Armour
 - Level 6.0 Dodging
 - Level 3.0 Stealth
 + Level 7.1 Spellcasting
 + Level 12.2 Conjurations
 + Level 8.8 Hexes
 - Level 6.0 Translocations
 + Level 8.2 Fire Magic
 * Level 2.6 Earth Magic
 - Level 3.0 Evocations


You had one spell level left.
You knew the following spells:

 Your Spells              Type           Power      Damage    Failure   Level
a - Magic Dart            Conj           100%       1d8       1%          1
b - Iskenderun's Battles  Conj           79%        2d13      1%          5
c - Iskenderun's Mystic   Conj/Tloc      68%        2d14      1%          4
d - Fulminant Prism       Conj/Hex       36%        3d18      1%          4
e - Fireball              Conj/Fire      36%        3d15      1%          5
f - Iron Shot             Conj/Erth      30%        9d6       22%         6

Your spell library contained the following spells:

 Spells                   Type           Power      Damage    Failure   Level
 Slow                     Hex            100%       N/A       1%          1
 Searing Ray              Conj           100%       2d8       1%          2
 Confusing Touch          Hex            67%        N/A       1%          3
 Conjure Flame            Conj/Fire      72%        6-21      1%          3
 Dazzling Flash           Conj/Hex       100%       N/A       1%          3
 Sticky Flame             Conj/Fire      72%        2d9       1%          4
 Ignite Poison            Fire/Tmut/Pois 32%        N/A       3%          3
 Lightning Bolt           Conj/Air       27%        1d43      7%          5
 Starburst                Conj/Fire      36%        6d11      7%          6
 Vampiric Draining        Necr           12%        2d6       10%         3
 Silence                  Hex/Air        22%        N/A       14%         5
 Animate Armour           Summ/Erth      44%        N/A       19%         4
 Airstrike                Air            6%         N/A       30%         4
 Summon Lightning Spire   Summ/Air       12%        N/A       30%         4
 Agony                    Necr           12%        N/A       65%         5
 Blade Hands              Tmut           6%         N/A       65%         5
 Spellforged Servitor     Conj/Summ      27%        N/A       91%         7
 Ignition                 Fire           32%        3d10      100%        8


Dungeon Overview and Level Annotations

Branches:
Dungeon (11/15)            Temple (0/1) D:5            Lair (6/6) D:9
 Shoals (0/4) Lair:2        Snake (0/4) Lair:4        Slime (0/5) Lair:6
    Orc (0/2) D:9

Shops:
D:9 *


Innate Abilities, Weirdness & Mutations

You have an increased reservoir of magic. (+10% MP)
You shall have no god before yourself.
Your divine heritage dramatically boosts your attributes as you level up.


Message History

The meliai calls down the wrath of its god upon you.
Something smites you!
* * * LOW HITPOINT WARNING * * *
The acid dragon spits acid at you. The splash of acid hits you!
* * * LOW HITPOINT WARNING * * *
The acid corrodes you!
You hear a howl!
The meliai invokes the aid of its god against you.
Something smites you!
* * * LOW HITPOINT WARNING * * *
Casting: Iskenderun's Mystic Blast (mildly dangerous; 1% risk of failure)
Confirm with . or Enter, or press ? or * to list all spells.
Aiming: Fulminant Prism (safe; 1% risk of failure)
Press: ? - help, Dir - move target You conjure a prism of explosive energy!
A fulminant prism comes into view.
You radiate an aura of cold.
The boulder beetle resists.
The acid dragon seems to slow down.
The meliai seems to slow down.
Your fulminant prism is unaffected.
The gnoll seems to slow down.
The gnoll hits your fulminant prism with a +0 spear.
Casting: Fulminant Prism (safe; 1% risk of failure)
Confirm with . or Enter, or press ? or * to list all spells.
You erupt in a blast of force!
The mystic blast hits the boulder beetle.
The boulder beetle is severely wounded.
The boulder beetle is knocked back by the mystic blast.
You radiate an aura of cold.
The boulder beetle resists.
The acid dragon seems to slow down.
The meliai seems to slow down.
Your fulminant prism is unaffected.
The gnoll seems to slow down.
The meliai calls down the wrath of its god upon you.
Something smites you!
* * * LOW HITPOINT WARNING * * *
Your fulminant prism crackles loudly.
Unknown command.
The meliai calls down the wrath of its god upon you.
Something smites you!
You die...

..# #.# ..### #.#
....<.. ....## #.#
....... ..#..### #.#
....... ..##...###.#
.......
..####...#.###
.D..... ..#
###.....## .†.)...
.##
#####..#######*g.....
..##
#....@..B○D)...○.
#..#
#.########y......
##.# #.# ###+###
##.### #####+####
.....# #........#
....(# #........#
.....# #........#
.....# #........+
.....# #........#


You could see a boulder beetle (rolling), an acid dragon (slow, catching
breath), a meliai (slow), a gnoll (slow, ally target) and a friendly fulminant
prism.

Vanquished Creatures
  Snorg (Lair:5)
  A fire dragon (Lair:6)
  A boulder beetle (Lair:5)
  4 hydras
  Erica (D:10)
  3 two-headed ogres
  4 death yaks
  Nergalle (Lair:4)
  A lindwurm (Lair:6)
  Pikel (D:5)
  3 elephants (Lair:4)
  5 black mambas
  2 molten gargoyles (Lair:6)
  3 torpor snails
  13 cane toads
  4 rime drakes
  11 komodo dragons
  An unseen horror (D:8)
  A troll (D:11)
  2 polar bears (Lair:4)
  A hornet (D:8)
  6 dream sheep (Lair:4)
  17 blink frogs
  Sigmund (D:4)
  3 basilisks
  A wraith (D:10)
  58 yaks
  6 wyverns
  Grum (D:10)
  3 steam dragons
  2 vampire mosquitoes (D:10)
  Menkaure (D:4)
  2 nagas (Lair:4)
  2 acid dragons
  4 hell hounds (Lair:6)
  13 water moccasins
  An ice beast (D:7)
  2 black bears
  An orc warrior (D:9)
  2 sky beasts (D:6)
  A necrophage (D:6)
  25 wolves
  3 centaurs
  A lemure (D:5)
  2 phantoms
  A kobold brigand (D:10)
  Blork the orc (D:5)
  13 bullfrogs
  A gnoll sergeant (D:11)
  4 scorpions
  7 killer bees
  12 wights
  4 howler monkeys
  5 lava snakes (Lair:6)
  3 centaur zombies
  2 centaur skeletons (D:4)
  4 hounds
  4 gnoll shamans
  4 orc priests
  4 iguanas
  7 orc wizards
  27 gnolls
  8 adders
  2 white imps
  3 ufetubi
  2 adder skeletons (D:4)
  A worm (D:4)
  2 dart slugs
  25 orcs
  5 bats
  15 endoplasms
  4 giant cockroaches
  3 goblins
  4 hobgoblins
  2 jackals (D:4)
  9 kobolds
  2 quokkas
  5 ball pythons
  A frilled lizard (D:2)
  8 rats
  A fulminant prism (Lair:1)
427 creatures vanquished.

Vanquished Creatures (others)
  A hydra (Lair:6)
  130 fulminant prisms
  58 fungi
  82 plants
271 creatures vanquished.

Grand Total: 698 creatures vanquished

Notes
Turn   | Place    | Note
-------+----------+-------------------------------------------
     0 | D:1      | pkoi the Demigod Conjurer began the quest for the Orb.
     0 | D:1      | Reached XP level 1. HP: 14/14 MP: 5/5
   318 | D:1      | Reached skill level 4 in Conjurations
   473 | D:1      | Reached XP level 2. HP: 20/20 MP: 4/7
   938 | D:1      | Learned a level 2 spell: Searing Ray
  1354 | D:2      | Reached XP level 3. HP: 26/26 MP: 5/8
  2924 | D:3      | Reached skill level 5 in Conjurations
  3051 | D:3      | Reached XP level 4. HP: 33/33 MP: 6/10
  4311 | D:4      | Reached XP level 5. HP: 30/38 MP: 5/11
  5470 | D:3      | Learned a level 4 spell: Iskenderun's Mystic Blast
  5670 | D:4      | Noticed a black bear
  5680 | D:4      | Killed a black bear
  5681 | D:4      | Reached skill level 6 in Conjurations
  5681 | D:4      | Reached skill level 1 in Translocations
  5681 | D:4      | Reached XP level 6. HP: 22/45 MP: 5/13
  5939 | D:3      | Learned a level 4 spell: Fulminant Prism
  6037 | D:4      | Noticed Sigmund
  6047 | D:4      | Killed Sigmund
  6050 | D:4      | Reached skill level 1 in Armour
  6050 | D:4      | Reached skill level 1 in Hexes
  6414 | D:4      | Reached skill level 1 in Fighting
  6644 | D:4      | Noticed Menkaure
  6648 | D:4      | Killed Menkaure
  6649 | D:4      | Reached XP level 7. HP: 49/52 MP: 8/14
  6998 | D:5      | Entered Level 5 of the Dungeon
  6998 | D:5      | Noticed Pikel
  7143 | D:5      | Killed Pikel
  7144 | D:5      | Reached skill level 7 in Conjurations
  7319 | D:5      | Reached XP level 8. HP: 57/61 MP: 10/15
  7842 | D:5      | Noticed Blork the orc
  7849 | D:5      | Killed Blork the orc
  8218 | D:5      | Found a staircase to the Ecumenical Temple.
  9476 | D:6      | Reached skill level 8 in Conjurations
  9495 | D:6      | Reached XP level 9. HP: 41/70 MP: 1/16
 12189 | D:7      | Found the +4 skin of Zhor {*Englaciate rC+++ SInv}
 13037 | D:8      | Killed an unseen horror
 13160 | D:8      | Noticed a komodo dragon
 13167 | D:8      | Killed a komodo dragon
 13168 | D:8      | Reached skill level 9 in Conjurations
 14158 | D:8      | Learned a level 5 spell: Iskenderun's Battlesphere
 14575 | D:9      | Reached XP level 10. HP: 80/80 MP: 5/18
 14583 | D:9      | Reached skill level 5 in Dodging
 15076 | D:9      | Reached skill level 5 in Translocations
 15756 | D:9      | Found a staircase to the Orcish Mines.
 16126 | D:9      | Found a staircase to the Lair.
 16167 | D:9      | Found Nuvieck's Assorted Antiques.
 16172 | D:9      | Bought a pair of embroidered gloves for 195 gold pieces
 16172 | D:9      | Bought a jewelled falchion for 208 gold pieces
 16172 | D:9      | Identified the +3 falchion of Evolution {vorpal, Will++
                  | Str-3} (You bought it in a shop on level 9 of the Dungeon)
 16492 | D:10     | Entered Level 10 of the Dungeon
 17023 | D:10     | Noticed a two-headed ogre
 17030 | D:10     | Killed a two-headed ogre
 17031 | D:10     | Reached skill level 5 in Armour
 17246 | D:10     | Reached skill level 5 in Fighting
 17396 | D:10     | Reached skill level 5 in Hexes
 17759 | D:10     | Noticed Erica
 17766 | D:10     | Killed Erica
 18024 | D:10     | Reached skill level 10 in Conjurations
 18724 | D:10     | Noticed Grum
 18731 | D:10     | Killed Grum
 19002 | D:11     | Noticed a seven-headed hydra
 19302 | Lair:1   | Entered Level 1 of the Lair of Beasts
 19510 | Lair:1   | Reached XP level 11. HP: 88/88 MP: 6/21
 20819 | Lair:1   | Learned a level 5 spell: Fireball
 21158 | Lair:2   | Reached skill level 1 in Fire Magic
 21159 | Lair:2   | Reached skill level 5 in Spellcasting
 22073 | Lair:2   | Found a staircase to the Shoals.
 22604 | Lair:3   | Noticed a death yak
 22606 | Lair:3   | Noticed a death yak
 22612 | Lair:3   | Noticed a death yak
 22613 | Lair:3   | Noticed a death yak
 22613 | Lair:3   | Killed a death yak
 22977 | Lair:2   | Killed a death yak
 23556 | Lair:3   | Reached skill level 11 in Conjurations
 23564 | Lair:3   | Killed a death yak
 23565 | Lair:3   | Reached XP level 12. HP: 96/96 MP: 9/24
 25297 | Lair:4   | Found a staircase to the Snake Pit.
 25550 | Lair:4   | Reached skill level 5 in Fire Magic
 25730 | Lair:4   | Noticed Nergalle
 25749 | Lair:4   | Killed Nergalle
 25780 | Lair:4   | Noticed a five-headed hydra
 25794 | Lair:4   | Killed a five-headed hydra
 26527 | Lair:5   | Noticed a boulder beetle
 26566 | Lair:5   | Killed a boulder beetle
 26768 | Lair:5   | Reached skill level 1 in Evocations
 26871 | Lair:5   | Noticed a six-headed hydra
 26877 | Lair:5   | Killed a six-headed hydra
 26892 | Lair:5   | Noticed Snorg
 26899 | Lair:5   | Killed Snorg
 26900 | Lair:5   | Reached XP level 13. HP: 92/102 MP: 15/26
 27432 | Lair:6   | Entered Level 6 of the Lair of Beasts
 28011 | Lair:6   | Found a staircase to the Slime Pits.
 28060 | Lair:6   | Identified the +1 robe "Untarale" {rElec rN+ Dex-3}
 28391 | Lair:6   | Reached skill level 12 in Conjurations
 28487 | Lair:6   | Learned a level 6 spell: Iron Shot
 28604 | Lair:6   | Reached skill level 1 in Earth Magic
 29207 | Lair:6   | Found a large runed translucent door.
 29207 | Lair:6   | Found a large runed translucent door.
 30410 | D:11     | Killed from afar by a meliai

Illustrated notes

Levels and vault maps discovered:
D:1:      mrwooster_arrival_arrow, layout_basic,
          shapermc_ecumenical_altar_mp_ritualfount, nicolae_grassy_gnolls
D:2:      layout_basic, basic_altar
D:3:      layout_basic, pdpol_wu_jian_five_deadly_venoms
D:4:      layout_loops_ring, uniq_sigmund, uniq_menkaure
D:5:      layout_cave_pools, temple_doors_e, minmay_pentangle,
          uniq_blork_the_orc, uniq_pikel
D:6:      layout_basic
D:7:      layout_rooms
D:8:      layout_gridville
D:9:      layout_loops_corners, lair_entry_dummy, orc_0_dummy, serial_shops,
          nicolae_shop_hallway_plus
D:10:     layout_loops_cross, kennysheep_pointless_box, corner_web_ring,
          uniq_grum, uniq_erica
D:11:     layout_roguey, grunt_ministairs_15, minmay_the_grid_2x2
          [minmay_the_grid_eight, minmay_the_grid_zigzag_pyramid,
          minmay_the_grid_minigrid_small_alt, minmay_the_grid_prize_trominoes]
Lair:1:   layout_big_grid
Lair:2:   layout_loops_ring, shoals_dummy_entry
Lair:3:   layout_long_grid
Lair:4:   layout_big_grid, guppyfry_snake_entry_garden, minivault_24,
          chequers_serial_rivers_micro_e, nicolae_lair_lil_pond, uniq_nergalle
Lair:5:   layout_concentric_octagons, uniq_snorg
Lair:6:   cheibrodos_lair_end_hotspot, layout_small_grid,
          dpeg_slime_entry_enclosed_altar

Skill      XL: |  1  2  3  4  5  6  7  8  9 10 11 12 13 |
---------------+----------------------------------------+-----
Conjurations   | 4 5 6 7 8 9 10 11 12 | 12.2
Spellcasting   | 2 3 4 5 6 7 |  7.1
Translocations | 1 2 3 4 5 6 |  6.0
Dodging        | 2 3 4 5 6 |  6.0
Armour         | 1 2 3 4 5 6 7 8 |  8.0
Hexes          | 1 2 3 4 5 6 8 |  8.8
Fighting       | 1 2 3 4 5 6 |  6.0
Fire Magic     | 3 6 8 |  8.2
Stealth        | 2 3 |  3.0
Evocations     | 1 3 |  3.0
Earth Magic    | 2 |  2.6

Action                   |  1- 3 |  4- 6 |  7- 9 | 10-12 | 13-15 || total
-------------------------+-------+-------+-------+-------+-------++-------
Melee: Short sword       |    10 |       |       |       |       ||    10
       Long sword        |       |     1 |     4 |       |       ||     5
       Dagger            |       |       |     6 |       |       ||     6
       Quarterstaff      |       |       |     3 |     5 |       ||     8
       Punch             |       |       |     1 |     1 |       ||     2
       Falchion          |       |       |       |    36 |     6 ||    42
 Cast: Magic Dart        |    93 |    83 |    94 |   337 |    79 ||   686
       Searing Ray       |       |    11 |    13 |       |       ||    24
       Iskenderun's Myst |       |       |    29 |    45 |    44 ||   118
       Fulminant Prism   |       |       |    31 |    60 |    41 ||   132
       Iskenderun's Batt |       |       |     2 |    61 |    17 ||    80
  Use: Scroll            |       |       |    12 |     1 |     5 ||    18
       Potion            |       |       |     6 |       |       ||     6
Armor: Robe              |    10 |     2 |    30 |     2 |       ||    44
       Acid dragon scale |       |       |       |    47 |       ||    47
       Animal skin       |       |       |       |    20 |    10 ||    30
Dodge: Dodged            |    24 |    18 |    67 |   108 |    22 ||   239
Block: Other             |       |       |    20 |    32 |       ||    52
       Reflection        |       |       |     3 |     1 |       ||     4
